 Dungeon Crawl Stone Soup version 0.29.1-12-g30fa7ad0bf (webtiles) character file.

Game seed: 17359380307375864338

1045 zeram the Cudgeller (level 8, -3/46 HPs)
             Began as a Gargoyle Fighter on Dec 13, 2022.
             Was an Initiate of Qazlal.
             Killed by divine providence
             ... invoked by an orc priest
              (14 damage)
             ... on level 4 of the Dungeon.
             The game lasted 00:08:01 (6229 turns).

zeram the Cudgeller (Gargoyle Fighter)              Turns: 6229, Time: 00:08:01

Health: -3/46      AC: 16    Str: 22    XL:     8   Next: 25%
Magic:  8/8        EV: 10    Int:  9    God:    Qazlal [......]
Gold:   255        SH:  4    Dex:  9    Spells: 7/7 levels left

rFire   . . .      SeeInvis .   a - +1 flail
rCold   . . .      Faith    .   c - +0 buckler
rNeg    + . .      Spirit   .   b - +0 scale mail
rPois   ∞          Reflect  .   d - +1 helmet
rElec   +          Harm     .   h - +0 cloak
rCorr   .          Rampage  .   (no gloves)
Will    .....                   (no boots)
Stlth   ..........              (no amulet)
HPRegen 0.15/turn               (no ring)
MPRegen 0.11/turn               (no ring)

@: no status effects
A: sickness immunity, AC +5, negative energy resistance 1, electricity
resistance, torment resistance 1, petrification resistance
a: Renounce Religion


You were on level 4 of the Dungeon.
You worshipped Qazlal.
Qazlal was noncommittal.
You visited 2 branches of the dungeon, and saw 5 of its levels.
You also visited: Ossuary.

You collected 255 gold pieces.

Inventory:

Hand Weapons
 a - a +1 flail (weapon)
Armour
 b - a +0 scale mail (worn)
 c - a +0 buckler (worn)
 d - a +1 helmet (worn)
 h - a +0 cloak (worn)
Jewellery
 o - a +4 ring of slaying
 q - a ring of ice
 r - a ring of flight
Scrolls
 e - 3 scrolls of teleportation
 s - a scroll of brand weapon {unknown}
Potions
 f - a potion of mutation {unknown}
 g - 2 potions of curing
 i - 2 potions of flight {unknown}
 j - 3 potions of might
 k - a potion of brilliance {unknown}
 l - 2 potions of lignification
 m - 2 potions of attraction
 n - a potion of magic
 p - 6 potions of haste {unknown}


   Skills:
 - Level 3.2 Fighting
 + Level 6.9 Maces & Flails
 + Level 6.2 Armour
 + Level 2.2 Dodging
 + Level 4.9 Shields


You had 7 spell levels left.
You didn't know any spells.
Your spell library contained the following spells:

 Spells                   Type           Power      Damage    Failure   Level
 Sandblast                Erth           0%         2d4       77%         1
 Ensorcelled Hibernation  Hex/Ice        0%         N/A       88%         2
 Passwall                 Tmut/Erth      0%         N/A       88%         2
 Gell's Gravitas          Tloc           0%         N/A       98%         3
 Lesser Beckoning         Tloc           0%         N/A       98%         3
 Ozocubu's Armour         Ice            0%         N/A       98%         3
 Spider Form              Tmut/Pois      0%         N/A       98%         3
 Stone Arrow              Conj/Erth      0%         3d7       98%         3
 Teleport Other           Tloc           0%         N/A       98%         3
 Anguish                  Hex/Necr       0%         N/A       100%        4
 Ozocubu's Refrigeration  Ice            0%         4d7       100%        7


Dungeon Overview and Level Annotations

Branches:
Dungeon (4/15)             Temple (1/1) D:4         Ossuary (visited)

Altars:
Ashenzari
Dithmenos
Elyvilon
Gozag
Hepliaklqana
Makhleb
Nemelex Xobeh
Okawaru
Qazlal
Ru
Sif Muna
Trog
Uskayaw
Vehumet
Yredelemnul
Zin
The Shining One

Shops:
D:1 =

Annotations:
D:4 Blork the orc, Sigmund


Innate Abilities, Weirdness & Mutations

You are immune to sickness and miasma.
Your stone body is resilient. (AC +5)
You are immune to poison.
You resist negative energy. (rN+)
You are resistant to electric shocks. (rElec)
You are resistant to unholy torment.
You are immune to petrification.


Message History

You hit the orc.
The orc is lightly wounded.
The orc priest calls upon Beogh to heal the orc.
The orc's wounds heal themselves!
The orc hits you but does no damage.
You closely miss the orc. You block the orc's attack. x2
You sock the orc!
You kill the orc!
Qazlal accepts your kill. The orc hits you but does no damage.
A hobgoblin comes into view.
The orc priest mumbles some strange prayers to Beogh against you.
Beogh smites you!
The hobgoblin shouts!
The orc attacks as you move away! The orc hits you with a +0 dagger.
The hobgoblin attacks as you move away! The hobgoblin barely misses you.
The orc attacks as you move away! The orc hits you but does no damage.
You enter the shallow water.
Moving in this stuff is going to be slow.
The orc barely misses you. The orc hits you but does no damage.
Blork the orc screams, "You are the ugliest creature I've ever seen!"
Blork the orc begins to cast a cantrip, but forgets the words!
The adder bites you but does no damage. The adder attacks as you move away!
The adder bites you but does no damage. The adder closely misses you.
The orc priest mumbles some strange prayers to Beogh against you.
Beogh smites you!
* * * LOW HITPOINT WARNING * * *
The adder attacks as you move away! You block the adder's attack.
The adder closely misses you. The adder attacks as you move away!
The adder closely misses you. You block the adder's attack.
The adder attacks as you move away! The adder bites you but does no damage.
The adder barely misses you. The adder attacks as you move away!
The adder closely misses you. The adder attacks as you move away!
The adder bites you.
* * * LOW HITPOINT WARNING * * *
The orc priest calls down the wrath of Beogh upon you.
Beogh smites you!
You die...

######.)...####### ###~~~~~~~~...
........##......#######~~~~~...##
........####.#.......o.....o.#...
........####.####....##'######...
........#...........o............
........#....#..8.g#.........#...
........#...##...S.##........#...
........#..##..#.#..##......^#...
........÷.##..##@##..##.....##...
.######.#....##...##........##...
...# #..).8..).>....8......##...
.#.## #......##...##........##...
....# ###.##..##.##..##.....#
....# #..##..#.#..##......# ###.#
##..##.....##..#....# ....#
##..#..8..#..##....# #####
##.........#...####


You could see an orc priest, an adder and a hobgoblin.

Vanquished Creatures
  A water moccasin (D:3)
  An ogre (D:3)
  A phantom (D:4)
  2 kobold brigands (D:4)
  3 elf skeletons (D:4)
  2 water moccasin zombies (Ossuary)
  A hound (D:4)
  Crazy Yiuf (D:3)
  2 human skeletons (D:4)
  Terence (D:3)
  Natasha (twice) (D:3)
  2 mummies (Ossuary)
  3 adders
  3 adder zombies (Ossuary)
  2 worms
  3 dart slugs
  4 orcs (D:4)
  9 endoplasms
  7 giant cockroaches
  4 gnoll zombies (Ossuary)
  6 goblins
  4 hobgoblins
  2 jackals (D:2)
  2 quokkas
  6 ball pythons
  4 bats
  3 frilled lizards
  2 hobgoblin zombies (Ossuary)
  14 kobolds
  8 kobold zombies (Ossuary)
  An orc skeleton (D:4)
  4 orc zombies (Ossuary)
  4 rats (D:1)
114 creatures vanquished.

Notes
Turn   | Place    | Note
-------+----------+-------------------------------------------
     0 | D:1      | zeram the Gargoyle Fighter began the quest for the Orb.
     0 | D:1      | Reached XP level 1. HP: 14/14 MP: 1/1
    89 | D:1      | You fall into a shaft and drop 1 floor!
   501 | D:1      | Reached XP level 2. HP: 11/19 MP: 2/2
   827 | D:1      | Found Zikab's Jewellery Shop.
  1017 | D:1      | Reached XP level 3. HP: 4/23 MP: 3/3
  1443 | D:1      | Found a faded altar of an unknown god.
  2280 | D:2      | Reached XP level 4. HP: 28/28 MP: 4/4
  2580 | D:3      | Found an iron altar of Okawaru.
  2785 | D:3      | Noticed Terence
  2799 | D:3      | Killed Terence
  2999 | D:3      | Found a runed translucent door.
  3000 | D:3      | Noticed Crazy Yiuf
  3206 | D:3      | Noticed a water moccasin
  3230 | D:3      | Killed a water moccasin
  3231 | D:3      | Reached skill level 1 in Dodging
  3231 | D:3      | Reached XP level 5. HP: 13/32 MP: 5/5
  3489 | D:3      | Noticed Natasha
  3498 | D:3      | Killed Natasha
  3499 | D:3      | Reached XP level 6. HP: 23/37 MP: 6/6
  3872 | D:3      | Noticed Natasha
  3886 | D:3      | Killed Natasha
  3887 | D:3      | Reached skill level 5 in Armour
  4115 | D:3      | Killed Crazy Yiuf
  4543 | D:4      | Reached skill level 5 in Maces & Flails
  4543 | D:4      | Reached XP level 7. HP: 30/41 MP: 7/7
  4600 | D:4      | Found a sand-covered staircase.
  4617 | Ossuary  | Entered an ossuary
  5248 | D:4      | Noticed Sigmund
  5260 | D:3      | Reached XP level 8. HP: 22/46 MP: 8/8
  5882 | D:4      | Found a staircase to the Ecumenical Temple.
  5898 | Temple   | Entered the Ecumenical Temple
  6091 | Temple   | Became a worshipper of Qazlal Stormbringer
  6206 | D:4      | Noticed Blork the orc
  6229 | D:4      | Killed from afar by an orc priest

Illustrated notes

Levels and vault maps discovered:
D:1:      minmay_arrival_jagged, layout_rooms, chequers_ecumenical_altar_simple,
          serial_shops, shop, minmay_parallelograms, st_stairs_5
D:2:      layout_basic, minmay_misc_feat_more_columns
D:3:      layout_loops_ring, mainiacjoe_overflow_catwalk, uniq_terence,
          uniq_natasha, uniq_crazy_yiuf_cottage
D:4:      cheibrodos_thug_alley, layout_basic, minmay_temple_entry_waves,
          ebering_ghost_sewer_d, nicolae_ossuary_entry_catacombs,
          hangedman_decor_peaks_small, grunt_ministairs_10, uniq_blork_the_orc,
          uniq_sigmund
Temple:   nicolae_temple_bog_church

Skill      XL: |  1  2  3  4  5  6  7  8 |
---------------+-------------------------+-----
Armour         | 4 5 6 |  6.2
Maces & Flails | 3 4 5 6 |  6.9
Dodging        | 1 2 |  2.2
Shields        | 4 |  4.9
Fighting       | |  3.2

Action                   |  1- 3 |  4- 6 |  7- 9 || total
-------------------------+-------+-------+-------++-------
Melee: Flail             |   130 |   146 |   253 ||   529
  Use: Scroll            |     1 |    10 |     3 ||    14
       Potion            |     1 |     1 |     1 ||     3
Armor: Scale mail        |    86 |    74 |   149 ||   309
Dodge: Dodged            |    88 |    61 |   125 ||   274
Block: Buckler           |    42 |    31 |    47 ||   120
